Dallas Stars vs New York Rangers

Created - Wednesday, February 4, 2026 at 07:40

Goals
1 2 3 T
Dallas Stars 0 1 1 2
New York Rangers 2 0 1 3
Shots
1 2 3 T
Dallas Stars 7 7 10 24
New York Rangers 11 8 11 30

1st period

1. New York Rangers , Evgeni Malkin 9 (Kyle Palmieri 7, Timo Meier 8) at 6:14
2. New York Rangers , Timo Meier 5 (Evgeni Malkin 11) at 10:35

Penalties :
No Penalty

2nd period

3. Dallas Stars , Elias Lindholm 9 (Brendan Gallagher 6, Trevor van Riemsdyk 6) at 2:02

Penalties :
Adam Larsson (NYR) for Roughing (Minor) at 2:31, Jake Walman (NYR) for Cross-checking (Minor) at 9:26, Evgeni Malkin (NYR) for Tripping (Minor) at 18:45

3rd period

4. Dallas Stars , Josh Anderson 8 (Elias Lindholm 11, Brendan Gallagher 7) at 3:34
5. New York Rangers , Kyle Palmieri 5 (Evgeni Malkin 12, Timo Meier 9) at 13:00

Penalties :
Josh Anderson (DAL) for Slashing (Minor) at 3:49, Dmitry Kulikov (NYR) for Interference (Minor) at 17:38

Goalie Stats

Alex Lyon (DAL), 27 saves from 30 shots - (0.900), L, 2-3-2, 60:00 minutes
Kevin Lankinen (NYR), 22 saves from 24 shots - (0.917), W, 1-0-0, 60:00 minutes

Players Stats for Dallas Stars

Player Name              G  A  P  +/- PIM S  H  SB GA TA FO     MP     PP MP  PK MP  
------------------------------------------------------------------------------------
Alex Iafallo             0  0  0   0  0   5  3  0  1  0  2/4    16:47   3:56   0:18 
Arber Xhekaj             0  0  0  -2  0   1  4  2  0  0  0/0    14:59   0:00   0:00 
Brendan Gallagher        0  2  2   1  0   4  2  0  0  0  0/2    18:30   3:59   0:41 
Cam York                 0  0  0  -2  0   1  0  0  0  0  0/0    14:59   0:00   0:00 
Dougie Hamilton          0  0  0   1  0   1  1  3  0  0  0/0    25:05   3:45   1:12 
Elias Lindholm           1  1  2   1  0   2  2  0  0  3  11/21  18:51   4:00   1:00 
Filip Chytil             0  0  0   0  0   1  0  0  2  0  3/4    12:48   0:00   0:00 
Jack Drury               0  0  0  -1  0   0  1  0  1  0  0/2     9:32   0:00   0:18 
Jakob Chychrun           0  0  0   0  0   0  1  2  0  1  0/0    19:54   4:11   0:47 
Joel Kiviranta           0  0  0  -1  0   1  1  0  0  0  0/0     9:37   0:01   0:00 
Jonas Siegenthaler       0  0  0   0  0   0  1  0  0  0  0/0    19:56   4:11   0:47 
Jonatan Berggren         0  0  0  -1  0   1  1  0  0  0  2/12   13:48   0:00   0:00 
Jordan Greenway          0  0  0   0  0   0  1  0  1  1  0/0    14:02   0:01   1:00 
Jordan Martinook         0  0  0  -1  0   1  1  2  1  0  0/2    18:37   3:56   0:41 
Josh Anderson            1  0  1   1  2   3  1  1  0  0  1/1    18:18   3:59   0:00 
Luke Kunin               0  0  0  -1  0   3  0  1  0  0  0/0    17:56   3:56   0:00 
Philip Tomasino          0  0  0  -1  0   0  0  0  0  0  0/0     9:14   0:00   0:00 
Trevor van Riemsdyk      0  1  1   1  0   0  2  3  0  1  0/0    25:07   3:45   1:12 

Players Stats for New York Rangers

Player Name              G  A  P  +/- PIM S  H  SB GA TA FO     MP     PP MP  PK MP  
------------------------------------------------------------------------------------
Adam Larsson             0  0  0  -1  2   1  1  3  1  0  0/0    22:30   0:00   4:11 
Artemi Panarin           0  0  0  -1  0   6  3  0  2  0  0/0    17:26   1:04   0:00 
Cole Caufield            0  0  0  -1  0   2  0  1  1  0  1/1    18:10   1:04   0:23 
Conor Garland            0  0  0   0  0   0  1  0  0  0  0/0     8:34   0:00   0:00 
Dmitry Kulikov           0  0  0   0  2   0  0  0  0  0  0/0    14:57   0:00   1:50 
Dylan Strome             0  0  0   0  0   2  1  0  1  1  2/2    12:00   0:55   0:00 
Evgeni Malkin            1  2  3   2  2   2  1  1  0  0  11/15  14:58   1:06   0:22 
Jake Walman              0  0  0   2  2   1  2  0  0  0  0/0    22:24   0:53   1:55 
Kyle Palmieri            1  1  2   2  0   2  0  0  0  0  0/0    13:59   0:55   0:00 
Luke Schenn              0  0  0  -1  0   0  2  0  0  0  0/0    18:43   0:00   2:26 
Marcus Foligno           0  0  0   0  0   1  2  0  0  0  0/0    12:34   0:00   3:47 
Mikael Granlund          0  0  0   0  0   1  2  0  0  1  4/7    16:28   0:53   3:47 
Nathan MacKinnon         0  0  0  -1  0   3  1  1  1  0  9/17   17:26   1:04   0:00 
Noel Acciari             0  0  0   0  0   1  2  2  0  0  0/3    13:07   0:00   3:46 
Olli Maatta              0  0  0   0  0   1  0  5  0  0  0/0    18:57   0:00   5:25 
Teuvo Teravainen         0  0  0   0  0   1  1  0  0  1  1/2    14:57   0:00   3:47 
Timo Meier               1  2  3   2  0   4  2  1  0  2  1/1    14:12   0:55   0:00 
Victor Hedman            0  0  0   2  0   2  0  1  0  1  0/0    20:38   1:06   0:05 

3 Stars

1 - Timo Meier (NYR)
2 - Evgeni Malkin (NYR)
3 - Kyle Palmieri (NYR)

Power Play

Dallas Stars - 0 on 4 Attempt(s) - 0.00%
New York Rangers - 0 on 1 Attempt(s) - 0.00%

Penalty Kill

Dallas Stars - 1 on 1 Attempt(s) - 100.00% - Score 0 goal in Penalty Kill
New York Rangers - 4 on 4 Attempt(s) - 100.00% - Score 0 goal in Penalty Kill

Team Stat

Dallas Stars - Hits : 22 - Faceoff Wins : 19 - Blocked Shots : 14 - Penalty Minutes : 2
New York Rangers - Hits : 21 - Faceoff Wins : 29 - Blocked Shots : 15 - Penalty Minutes : 8

Official

Referees : Reid Anderson and Morgan Macphee
Linesman : Jonny Murray and Bryan Pancich

Game Notes

No Game Note

Finance

Level 1 -- Attendance: 5651 (94.18%) -- Ticket Income $536,845
Level 2 -- Attendance: 4587 (91.74%) -- Ticket Income $229,350
Level 3 -- Attendance: 3000 (100.00%) -- Ticket Income $90,000
Level 4 -- Attendance: 5000 (100.00%) -- Ticket Income $100,000
Luxury Box -- Attendance: 1000 (100.00%) -- Ticket Income $185,000
Game was played at the Madison Square Garden.
Total Attendance: 19238 (96.19%)
Total Ticket Income: $1,141,195
Other Income: $399,418
Total Income: $1,540,613

Dallas Stars

5 vs 5 Forward 
   Center                   Left Wing                Right Wing               Time % Phy DF OF 
 1 Elias Lindholm           Josh Anderson            Brendan Gallagher        30     1   2  2  
 2 Jonatan Berggren         Jordan Martinook         Luke Kunin               30     1   2  2  
 3 Filip Chytil             Alex Iafallo             Jordan Greenway          25     1   2  2  
 4 Jack Drury               Joel Kiviranta           Philip Tomasino          15     1   2  2  

5 vs 5 Defense 
   Defense                  Defense                                           Time % Phy DF OF 
 1 Dougie Hamilton          Trevor van Riemsdyk                               30     1   2  2  
 2 Jakob Chychrun           Jonas Siegenthaler                                30     1   2  2  
 3 Cam York                 Arber Xhekaj                                      25     1   2  2  
 4 Dougie Hamilton          Trevor van Riemsdyk                               15     1   2  2  

PowerPlay Forward 
   Center                   Left Wing                Right Wing               Time % Phy DF OF 
 1 Elias Lindholm           Josh Anderson            Brendan Gallagher        50     1   2  2  
 2 Alex Iafallo             Jordan Martinook         Luke Kunin               50     1   2  2  

PowerPlay Defense
   Defense                  Defense                                           Time % Phy DF OF 
 1 Dougie Hamilton          Trevor van Riemsdyk                               50     1   2  2  
 2 Jakob Chychrun           Jonas Siegenthaler                                50     1   2  2  

Penalty Kill 4 Players Forward 
   Center                   Wing                     Time % Phy DF OF 
 1 Elias Lindholm           Josh Anderson            50     1   2  2  
 2 Brendan Gallagher        Jordan Martinook         50     1   2  2  

Penalty Kill 4 Players Defense
   Defense                  Defense                  Time % Phy DF OF 
 1 Dougie Hamilton          Trevor van Riemsdyk      50     1   2  2  
 2 Jakob Chychrun           Jonas Siegenthaler       50     1   2  2  

Penalty Kill - 3 Players Forward 
   Forward                                           Time % Phy DF OF 
 1 Elias Lindholm                                    50     1   2  2  
 2 Josh Anderson                                     50     1   2  2  

Penalty Kill - 3 Players Defense
   Defense                  Defense                  Time % Phy DF OF 
 1 Dougie Hamilton          Trevor van Riemsdyk      50     1   2  2  
 2 Jakob Chychrun           Jonas Siegenthaler       50     1   2  2  

4 vs 4 Forward 
   Center                   Wing                     Time % Phy DF OF 
 1 Elias Lindholm           Josh Anderson            50     1   2  2  
 2 Brendan Gallagher        Jordan Martinook         50     1   2  2  

4 vs 4 Defense
   Defense                  Defense                  Time % Phy DF OF 
 1 Dougie Hamilton          Trevor van Riemsdyk      50     1   2  2  
 2 Jakob Chychrun           Jonas Siegenthaler       50     1   2  2  

Last Minutes Offensive
   Center                   Left Wing                Right Wing               Defense                  Defense                  
   Elias Lindholm           Josh Anderson            Brendan Gallagher        Dougie Hamilton          Trevor van Riemsdyk      

Last Minutes Defensive
   Center                   Left Wing                Right Wing               Defense                  Defense                  
   Elias Lindholm           Josh Anderson            Brendan Gallagher        Dougie Hamilton          Trevor van Riemsdyk      

Goaltenders
Starting : Alex Lyon                
Backup : Ukko-Pekka Luukkonen     

Extra Forwards
Normal : Alex Iafallo, Joel Kiviranta, Josh Anderson - PP : Alex Iafallo, Joel Kiviranta - PK : Elias Lindholm
Extra Defensemen
Normal : Cam York, Arber Xhekaj, Jakob Chychrun - PP : Cam York - PK : Arber Xhekaj, Jakob Chychrun
Penalty Shots
Elias Lindholm, Josh Anderson, Brendan Gallagher, Jordan Martinook, Alex Iafallo

Scratches
Ty Smith (Healthy), Nils Lundkvist (Healthy), Trent Frederic (Healthy), Marc-Andre Fleury (Healthy), Semyon Varlamov (Healthy)

New York Rangers

5 vs 5 Forward 
   Center                   Left Wing                Right Wing               Time % Phy DF OF 
 1 Nathan MacKinnon         Artemi Panarin           Cole Caufield            40     0   1  4  
 2 Evgeni Malkin            Timo Meier               Kyle Palmieri            30     1   1  3  
 3 Dylan Strome             Teuvo Teravainen         Mikael Granlund          20     1   2  2  
 4 Noel Acciari             Marcus Foligno           Conor Garland            10     2   2  1  

5 vs 5 Defense 
   Defense                  Defense                                           Time % Phy DF OF 
 1 Victor Hedman            Jake Walman                                       40     0   3  2  
 2 Luke Schenn              Adam Larsson                                      35     0   4  1  
 3 Olli Maatta              Dmitry Kulikov                                    25     2   3  0  
 4 Dmitry Kulikov           Adam Larsson                                      0      1   2  2  

PowerPlay Forward 
   Center                   Left Wing                Right Wing               Time % Phy DF OF 
 1 Nathan MacKinnon         Cole Caufield            Artemi Panarin           50     0   0  5  
 2 Dylan Strome             Timo Meier               Kyle Palmieri            50     0   1  4  

PowerPlay Defense
   Defense                  Defense                                           Time % Phy DF OF 
 1 Victor Hedman            Evgeni Malkin                                     65     0   0  5  
 2 Jake Walman              Mikael Granlund                                   35     0   1  4  

Penalty Kill 4 Players Forward 
   Center                   Wing                     Time % Phy DF OF 
 1 Mikael Granlund          Noel Acciari             50     1   4  0  
 2 Teuvo Teravainen         Marcus Foligno           50     2   3  0  

Penalty Kill 4 Players Defense
   Defense                  Defense                  Time % Phy DF OF 
 1 Olli Maatta              Adam Larsson             60     1   4  0  
 2 Luke Schenn              Jake Walman              40     2   3  0  

Penalty Kill - 3 Players Forward 
   Forward                                           Time % Phy DF OF 
 1 Mikael Granlund                                   50     0   5  0  
 2 Noel Acciari                                      50     0   5  0  

Penalty Kill - 3 Players Defense
   Defense                  Defense                  Time % Phy DF OF 
 1 Olli Maatta              Adam Larsson             50     0   4  0  
 2 Jake Walman              Luke Schenn              50     0   5  0  

4 vs 4 Forward 
   Center                   Wing                     Time % Phy DF OF 
 1 Nathan MacKinnon         Artemi Panarin           50     0   2  3  
 2 Evgeni Malkin            Cole Caufield            50     0   2  3  

4 vs 4 Defense
   Defense                  Defense                  Time % Phy DF OF 
 1 Victor Hedman            Jake Walman              50     1   2  2  
 2 Adam Larsson             Luke Schenn              50     1   2  2  

Last Minutes Offensive
   Center                   Left Wing                Right Wing               Defense                  Defense                  
   Nathan MacKinnon         Cole Caufield            Artemi Panarin           Victor Hedman            Jake Walman              

Last Minutes Defensive
   Center                   Left Wing                Right Wing               Defense                  Defense                  
   Mikael Granlund          Noel Acciari             Teuvo Teravainen         Adam Larsson             Jake Walman              

Goaltenders
Starting : Kevin Lankinen           
Backup : Igor Shesterkin          

Extra Forwards
Normal : Timo Meier, Dylan Strome, Teuvo Teravainen - PP : Timo Meier, Dylan Strome - PK : Teuvo Teravainen
Extra Defensemen
Normal : Adam Larsson, Olli Maatta, Jake Walman - PP : Adam Larsson - PK : Olli Maatta, Jake Walman
Penalty Shots
Nathan MacKinnon, Evgeni Malkin, Mikael Granlund, Artemi Panarin, Kyle Palmieri

Scratches
None


% Time on Ice - Dallas Stars

Lines # - Real PCT - Wanted PCT - Time Play
Normal Forward
1 - 28% - 30% - 13:51
2 - 28% - 30% - 14:00
3 - 26% - 25% - 12:48
4 - 19% - 15% - 9:14
Normal Defense
1 - 28% - 30% - 14:11
2 - 30% - 30% - 15:10
3 - 30% - 25% - 14:47
4 - 12% - 15% - 5:45
PP Forward
1 - 50% - 50% - 4:00
2 - 50% - 50% - 3:56
PP Defense
1 - 47% - 50% - 3:45
2 - 53% - 50% - 4:11
PK Forward
1 - 66% - 50% - 1:18
2 - 34% - 50% - 0:41
PK Defense
1 - 61% - 50% - 1:12
2 - 39% - 50% - 0:47
PK3 Forward
1 - 0% - 50%
2 - 0% - 50%
PK3 Defense
1 - 0% - 50%
2 - 0% - 50%
44 Forward
1 - 0% - 50%
2 - 0% - 50%
44 Defense
1 - 0% - 50%
2 - 0% - 50%
Last Minute Offensive  - 0:12
Last Minute Defensive  - 0:00
Total
Forward - 60:00
Defense - 60:00

% Time on Ice - New York Rangers

Lines # - Real PCT - Wanted PCT - Time Play
Normal Forward
1 - 34% - 40% - 17:00
2 - 27% - 30% - 13:17
3 - 22% - 20% - 10:52
4 - 17% - 10% - 8:34
Normal Defense
1 - 39% - 40% - 19:35
2 - 35% - 35% - 17:10
3 - 25% - 25% - 12:35
4 - 1% - 0% - 0:23
PP Forward
1 - 54% - 50% - 1:04
2 - 46% - 50% - 0:55
PP Defense
1 - 55% - 65% - 1:06
2 - 45% - 35% - 0:53
PK Forward
1 - 49% - 50% - 3:54
2 - 51% - 50% - 4:02
PK Defense
1 - 70% - 60% - 5:31
2 - 30% - 40% - 2:25
PK3 Forward
1 - 0% - 50%
2 - 0% - 50%
PK3 Defense
1 - 0% - 50%
2 - 0% - 50%
44 Forward
1 - 0% - 50%
2 - 0% - 50%
44 Defense
1 - 0% - 50%
2 - 0% - 50%
Last Minute Offensive  - 0:00
Last Minute Defensive  - 0:22
Total
Forward - 60:00
Defense - 60:00

Play-by-Play

1st period


0:01 of 1st period - Nathan MacKinnon wins face-off versus Brendan Gallagher in neutral zone.
0:06 of 1st period - Wrist shot by Cole Caufield.
0:06 of 1st period - Stopped by Alex Lyon without a rebound.
0:07 of 1st period - Nathan MacKinnon wins face-off versus Elias Lindholm in Dallas Stars zone.
0:32 of 1st period - Wrist shot by Artemi Panarin.
0:32 of 1st period - Stopped by Alex Lyon with a rebound.
1:20 of 1st period - Snap shot by Marcus Foligno.
1:20 of 1st period - Stopped by Alex Lyon with a rebound.
2:17 of 1st period - Icing by Luke Kunin.
2:18 of 1st period - Dylan Strome wins face-off versus Jordan Martinook in Dallas Stars zone.
2:27 of 1st period - Slapshot by Jordan Martinook.
2:27 of 1st period - Shot Misses the Net.
2:29 of 1st period - Snap shot by Cam York.
2:29 of 1st period - Shot Blocked by Olli Maatta.
2:31 of 1st period - Slapshot by Cam York.
2:31 of 1st period - Shot Misses the Net.
2:43 of 1st period - Snap shot by Jonatan Berggren.
2:43 of 1st period - Stopped by Kevin Lankinen with a rebound.
3:01 of 1st period - Snap shot by Jordan Martinook.
3:01 of 1st period - Stopped by Kevin Lankinen with a rebound.
3:03 of 1st period - Slapshot by Arber Xhekaj.
3:03 of 1st period - Stopped by Kevin Lankinen without a rebound.
3:04 of 1st period - Filip Chytil wins face-off versus Nathan MacKinnon in New York Rangers zone.
4:57 of 1st period - Snap shot by Dylan Strome.
4:57 of 1st period - Shot Misses the Net.
4:59 of 1st period - Backhand shot by Adam Larsson.
4:59 of 1st period - Shot Misses the Net.
5:09 of 1st period - Snap shot by Dylan Strome.
5:09 of 1st period - Shot Misses the Net.
5:11 of 1st period - Wrist shot by Dylan Strome.
5:11 of 1st period - Stopped by Alex Lyon without a rebound.
5:12 of 1st period - Nathan MacKinnon wins face-off versus Filip Chytil in Dallas Stars zone.
5:53 of 1st period - Victor Hedman is hit by Arber Xhekaj and loses puck.
6:14 of 1st period - Snap shot by Evgeni Malkin.
6:14 of 1st period - Goal by Evgeni Malkin - Dallas Stars : 0 - New York Rangers : 1.
6:15 of 1st period - Filip Chytil wins face-off versus Noel Acciari in neutral zone.
6:23 of 1st period - Snap shot by Alex Iafallo.
6:23 of 1st period - Stopped by Kevin Lankinen with a rebound.
6:25 of 1st period - Snap shot by Dougie Hamilton.
6:25 of 1st period - Shot Misses the Net.
7:08 of 1st period - Wrist shot by Alex Iafallo.
7:08 of 1st period - Stopped by Kevin Lankinen without a rebound.
7:09 of 1st period - Nathan MacKinnon wins face-off versus Jonatan Berggren in New York Rangers zone.
7:13 of 1st period - Off-side.
7:14 of 1st period - Nathan MacKinnon wins face-off versus Jonatan Berggren in neutral zone.
7:19 of 1st period - Snap shot by Nathan MacKinnon.
7:19 of 1st period - Stopped by Alex Lyon with a rebound.
7:21 of 1st period - Snap shot by Olli Maatta.
7:21 of 1st period - Stopped by Alex Lyon without a rebound.
7:22 of 1st period - Nathan MacKinnon wins face-off versus Elias Lindholm in Dallas Stars zone.
9:01 of 1st period - Luke Schenn is hit by Josh Anderson and loses puck.
9:43 of 1st period - Snap shot by Nathan MacKinnon.
9:43 of 1st period - Stopped by Alex Lyon with a rebound.
9:59 of 1st period - Wrist shot by Nathan MacKinnon.
9:59 of 1st period - Shot Blocked by Trevor van Riemsdyk.
10:29 of 1st period - Slapshot by Artemi Panarin.
10:29 of 1st period - Stopped by Alex Lyon without a rebound.
10:30 of 1st period - Evgeni Malkin wins face-off versus Jordan Martinook in Dallas Stars zone.
10:33 of 1st period - Snap shot by Evgeni Malkin.
10:33 of 1st period - Deflect By Kyle Palmieri.
10:33 of 1st period - Shot Misses the Net.
10:33 of 1st period - Puck is out of play.
10:34 of 1st period - Evgeni Malkin wins face-off versus Jonatan Berggren in Dallas Stars zone.
10:35 of 1st period - Snap shot by Timo Meier.
10:35 of 1st period - Goal by Timo Meier - Dallas Stars : 0 - New York Rangers : 2.
10:36 of 1st period - Timo Meier wins face-off versus Jonatan Berggren in neutral zone.
11:08 of 1st period - Wrist shot by Jonatan Berggren.
11:08 of 1st period - Shot Misses the Net.
11:33 of 1st period - Jonatan Berggren is hit by Jake Walman and loses puck.
11:50 of 1st period - Teuvo Teravainen is hit by Jordan Martinook and loses puck.
12:17 of 1st period - Slapshot by Dylan Strome.
12:17 of 1st period - Shot Blocked by Jordan Martinook.
12:19 of 1st period - Backhand shot by Adam Larsson.
12:19 of 1st period - Shot Blocked by Arber Xhekaj.
12:42 of 1st period - Cam York is hit by Luke Schenn and loses puck.
12:47 of 1st period - Slapshot by Dylan Strome.
12:47 of 1st period - Stopped by Alex Lyon with a rebound.
13:01 of 1st period - Slapshot by Luke Kunin.
13:01 of 1st period - Stopped by Kevin Lankinen with a rebound.
13:18 of 1st period - Slapshot by Jonatan Berggren.
13:18 of 1st period - Shot Blocked by Olli Maatta.
14:04 of 1st period - Snap shot by Dylan Strome.
14:04 of 1st period - Shot Blocked by Jordan Martinook.
14:06 of 1st period - Backhand shot by Dmitry Kulikov.
14:06 of 1st period - Shot Blocked by Dougie Hamilton.
14:08 of 1st period - Wrist shot by Teuvo Teravainen.
14:08 of 1st period - Deflect By Dylan Strome.
14:08 of 1st period - Shot Misses the Net.
14:08 of 1st period - Puck is out of play.
14:09 of 1st period - Elias Lindholm wins face-off versus Evgeni Malkin in Dallas Stars zone.
14:18 of 1st period - Wrist shot by Elias Lindholm.
14:18 of 1st period - Shot Misses the Net.
14:36 of 1st period - Victor Hedman is hit by Alex Iafallo and loses puck.
14:45 of 1st period - Snap shot by Alex Iafallo.
14:45 of 1st period - Stopped by Kevin Lankinen with a rebound.
15:26 of 1st period - Elias Lindholm is hit by Adam Larsson and loses puck.
15:37 of 1st period - Brendan Gallagher is hit by Conor Garland and loses puck.
19:17 of 1st period - Icing by Victor Hedman.
19:18 of 1st period - Evgeni Malkin wins face-off versus Jack Drury in New York Rangers zone.
19:59 of 1st period - Jakob Chychrun is hit by Noel Acciari and loses puck.
Goals for this period are 0 for Dallas Stars vs 2 for New York Rangers.
Shots for this period are 7 for Dallas Stars vs 11 for New York Rangers.

2nd period


0:01 of 2nd period - Elias Lindholm wins face-off versus Evgeni Malkin in neutral zone.
0:31 of 2nd period - Wrist shot by Nathan MacKinnon.
0:31 of 2nd period - Stopped by Alex Lyon with a rebound.
0:54 of 2nd period - Noel Acciari is hit by Jack Drury and loses puck.
1:29 of 2nd period - Jake Walman is hit by Arber Xhekaj and loses puck.
1:48 of 2nd period - Snap shot by Artemi Panarin.
1:48 of 2nd period - Stopped by Alex Lyon with a rebound.
1:50 of 2nd period - Snap shot by Nathan MacKinnon.
1:50 of 2nd period - Deflect By Cole Caufield.
1:50 of 2nd period - Shot Misses the Net.
1:50 of 2nd period - Puck is out of play.
1:51 of 2nd period - Evgeni Malkin wins face-off versus Brendan Gallagher in Dallas Stars zone.
2:00 of 2nd period - Wrist shot by Brendan Gallagher.
2:00 of 2nd period - Stopped by Kevin Lankinen with a rebound.
2:02 of 2nd period - Slapshot by Elias Lindholm.
2:02 of 2nd period - Goal by Elias Lindholm - Dallas Stars : 1 - New York Rangers : 2.
2:03 of 2nd period - Evgeni Malkin wins face-off versus Elias Lindholm in neutral zone.
2:31 of 2nd period - Minor Penalty to Adam Larsson for Roughing.
2:32 of 2nd period - Mikael Granlund wins face-off versus Elias Lindholm in New York Rangers zone.
2:37 of 2nd period - Snap shot by Noel Acciari.
2:37 of 2nd period - Shot Blocked by Josh Anderson.
2:45 of 2nd period - Olli Maatta is hit by Dougie Hamilton.
2:49 of 2nd period - Josh Anderson is hit by Noel Acciari and loses puck.
4:28 of 2nd period - Brendan Gallagher is hit by Marcus Foligno and loses puck.
4:31 of 2nd period - Penalty to Adam Larsson is over, Adam Larsson is back on ice.
4:51 of 2nd period - Jakob Chychrun is hit by Nathan MacKinnon and loses puck.
5:00 of 2nd period - Wrist shot by Artemi Panarin.
5:00 of 2nd period - Stopped by Alex Lyon with a rebound.
6:39 of 2nd period - Cam York is hit by Evgeni Malkin and loses puck.
6:50 of 2nd period - Jack Drury is hit by Dylan Strome.
6:54 of 2nd period - Philip Tomasino is hit by Luke Schenn.
7:04 of 2nd period - Dougie Hamilton is hit by Artemi Panarin and loses puck.
7:42 of 2nd period - Kyle Palmieri is hit by Brendan Gallagher and loses puck.
8:23 of 2nd period - Adam Larsson is hit by Alex Iafallo and loses puck.
8:43 of 2nd period - Cam York is hit by Marcus Foligno and loses puck.
9:17 of 2nd period - Icing by Luke Kunin.
9:18 of 2nd period - Dylan Strome wins face-off versus Jonatan Berggren in Dallas Stars zone.
9:26 of 2nd period - Minor Penalty to Jake Walman for Cross-checking.
9:27 of 2nd period - Teuvo Teravainen wins face-off versus Alex Iafallo in New York Rangers zone.
9:36 of 2nd period - Olli Maatta is hit by Alex Iafallo and loses puck.
9:43 of 2nd period - Snap shot by Luke Kunin.
9:43 of 2nd period - Stopped by Kevin Lankinen with a rebound.
11:26 of 2nd period - Penalty to Jake Walman is over, Jake Walman is back on ice.
12:01 of 2nd period - Snap shot by Artemi Panarin.
12:01 of 2nd period - Shot Misses the Net.
12:03 of 2nd period - Wrist shot by Artemi Panarin.
12:03 of 2nd period - Stopped by Alex Lyon with a rebound.
12:05 of 2nd period - Snap shot by Nathan MacKinnon.
12:05 of 2nd period - Deflect By Cole Caufield.
12:05 of 2nd period - Shot Blocked by Arber Xhekaj.
12:05 of 2nd period - Puck is out of play.
12:06 of 2nd period - Evgeni Malkin wins face-off versus Jack Drury in Dallas Stars zone.
12:11 of 2nd period - Snap shot by Kyle Palmieri.
12:11 of 2nd period - Shot Misses the Net.
13:09 of 2nd period - Marcus Foligno is hit by Brendan Gallagher and loses puck.
13:28 of 2nd period - Snap shot by Evgeni Malkin.
13:28 of 2nd period - Stopped by Alex Lyon without a rebound.
13:29 of 2nd period - Evgeni Malkin wins face-off versus Jonatan Berggren in Dallas Stars zone.
13:59 of 2nd period - Brendan Gallagher is hit by Artemi Panarin.
14:41 of 2nd period - Conor Garland is hit by Trevor van Riemsdyk and loses puck.
15:02 of 2nd period - Slapshot by Timo Meier.
15:02 of 2nd period - Stopped by Alex Lyon without a rebound.
15:03 of 2nd period - Evgeni Malkin wins face-off versus Jonatan Berggren in Dallas Stars zone.
15:04 of 2nd period - Wrist shot by Timo Meier.
15:04 of 2nd period - Stopped by Alex Lyon with a rebound.
15:18 of 2nd period - Snap shot by Evgeni Malkin.
15:18 of 2nd period - Shot Blocked by Jakob Chychrun.
15:20 of 2nd period - Slapshot by Olli Maatta.
15:20 of 2nd period - Deflect By Evgeni Malkin.
15:20 of 2nd period - Shot Misses the Net.
15:20 of 2nd period - Puck is out of play.
15:21 of 2nd period - Nathan MacKinnon wins face-off versus Elias Lindholm in Dallas Stars zone.
15:46 of 2nd period - Jakob Chychrun is hit by Timo Meier and loses puck.
17:08 of 2nd period - Snap shot by Noel Acciari.
17:08 of 2nd period - Deflect By Conor Garland.
17:08 of 2nd period - Shot Blocked by Trevor van Riemsdyk.
17:08 of 2nd period - Puck is out of play.
17:09 of 2nd period - Cole Caufield wins face-off versus Jonatan Berggren in Dallas Stars zone.
18:01 of 2nd period - Philip Tomasino is hit by Teuvo Teravainen and loses puck.
18:20 of 2nd period - Wrist shot by Elias Lindholm.
18:20 of 2nd period - Shot Misses the Net.
18:22 of 2nd period - Slapshot by Cam York.
18:22 of 2nd period - Stopped by Kevin Lankinen without a rebound.
18:23 of 2nd period - Evgeni Malkin wins face-off versus Jonatan Berggren in New York Rangers zone.
18:45 of 2nd period - Minor Penalty to Evgeni Malkin for Tripping.
18:46 of 2nd period - Alex Iafallo wins face-off versus Mikael Granlund in New York Rangers zone.
18:46 of 2nd period - Wrist shot by Jordan Martinook.
18:46 of 2nd period - Shot Blocked by Olli Maatta.
18:58 of 2nd period - Snap shot by Alex Iafallo.
18:58 of 2nd period - Stopped by Kevin Lankinen with a rebound.
19:00 of 2nd period - Wrist shot by Alex Iafallo.
19:00 of 2nd period - Stopped by Kevin Lankinen without a rebound.
19:01 of 2nd period - Elias Lindholm wins face-off versus Mikael Granlund in New York Rangers zone.
19:02 of 2nd period - Snap shot by Josh Anderson.
19:02 of 2nd period - Shot Misses the Net.
19:04 of 2nd period - Slapshot by Brendan Gallagher.
19:04 of 2nd period - Shot Blocked by Olli Maatta.
19:06 of 2nd period - Slapshot by Dougie Hamilton.
19:06 of 2nd period - Shot Blocked by Noel Acciari.
19:08 of 2nd period - Slapshot by Dougie Hamilton.
19:08 of 2nd period - Deflect By Elias Lindholm.
19:08 of 2nd period - Shot Misses the Net.
19:08 of 2nd period - Puck is out of play.
19:09 of 2nd period - Elias Lindholm wins face-off versus Mikael Granlund in New York Rangers zone.
19:10 of 2nd period - Wrist shot by Brendan Gallagher.
19:10 of 2nd period - Stopped by Kevin Lankinen without a rebound.
19:11 of 2nd period - Mikael Granlund wins face-off versus Elias Lindholm in New York Rangers zone.
19:33 of 2nd period - Snap shot by Teuvo Teravainen.
19:33 of 2nd period - Stopped by Alex Lyon with a rebound.
Goals for this period are 1 for Dallas Stars vs 0 for New York Rangers.
Shots for this period are 7 for Dallas Stars vs 8 for New York Rangers.

3rd period


0:01 of 3rd period - Alex Iafallo wins face-off versus Teuvo Teravainen in neutral zone.
0:14 of 3rd period - Slapshot by Jordan Martinook.
0:14 of 3rd period - Shot Misses the Net.
0:16 of 3rd period - Slapshot by Jakob Chychrun.
0:16 of 3rd period - Deflect By Luke Kunin.
0:16 of 3rd period - Shot Misses the Net.
0:16 of 3rd period - Puck is out of play.
0:17 of 3rd period - Mikael Granlund wins face-off versus Elias Lindholm in New York Rangers zone.
0:45 of 3rd period - Penalty to Evgeni Malkin is over, Evgeni Malkin is back on ice.
0:48 of 3rd period - Wrist shot by Luke Kunin.
0:48 of 3rd period - Shot Blocked by Noel Acciari.
0:50 of 3rd period - Slapshot by Jonas Siegenthaler.
0:50 of 3rd period - Shot Misses the Net.
1:08 of 3rd period - Snap shot by Cole Caufield.
1:08 of 3rd period - Shot Misses the Net.
1:10 of 3rd period - Snap shot by Nathan MacKinnon.
1:10 of 3rd period - Shot Blocked by Dougie Hamilton.
1:12 of 3rd period - Slapshot by Cole Caufield.
1:12 of 3rd period - Shot Misses the Net.
1:14 of 3rd period - Slapshot by Adam Larsson.
1:14 of 3rd period - Stopped by Alex Lyon with a rebound.
1:47 of 3rd period - Filip Chytil is hit by Mikael Granlund and loses puck.
2:04 of 3rd period - Luke Schenn is hit by Arber Xhekaj and loses puck.
2:53 of 3rd period - Jakob Chychrun is hit by Timo Meier and loses puck.
3:34 of 3rd period - Wrist shot by Josh Anderson.
3:34 of 3rd period - Goal by Josh Anderson - Dallas Stars : 2 - New York Rangers : 2.
3:35 of 3rd period - Elias Lindholm wins face-off versus Nathan MacKinnon in neutral zone.
3:46 of 3rd period - Slapshot by Victor Hedman.
3:46 of 3rd period - Stopped by Alex Lyon without a rebound.
3:47 of 3rd period - Elias Lindholm wins face-off versus Nathan MacKinnon in Dallas Stars zone.
3:49 of 3rd period - Minor Penalty to Josh Anderson for Slashing.
3:50 of 3rd period - Nathan MacKinnon wins face-off versus Elias Lindholm in Dallas Stars zone.
4:44 of 3rd period - Timo Meier is hit by Jordan Greenway and loses puck.
5:16 of 3rd period - Wrist shot by Alex Iafallo.
5:16 of 3rd period - Shot Blocked by Timo Meier.
5:28 of 3rd period - Artemi Panarin is hit by Jakob Chychrun and loses puck.
5:49 of 3rd period - Penalty to Josh Anderson is over, Josh Anderson is back on ice.
7:20 of 3rd period - Adam Larsson is hit by Joel Kiviranta and loses puck.
7:33 of 3rd period - Adam Larsson is hit by Elias Lindholm.
7:37 of 3rd period - Nathan MacKinnon is hit by Elias Lindholm and loses puck.
8:00 of 3rd period - Noel Acciari is hit by Jonatan Berggren and loses puck.
8:39 of 3rd period - Wrist shot by Brendan Gallagher.
8:39 of 3rd period - Stopped by Kevin Lankinen with a rebound.
8:55 of 3rd period - Snap shot by Filip Chytil.
8:55 of 3rd period - Deflect By Alex Iafallo.
8:55 of 3rd period - Shot Blocked by Olli Maatta.
8:55 of 3rd period - Puck is out of play.
8:56 of 3rd period - Filip Chytil wins face-off versus Noel Acciari in New York Rangers zone.
9:34 of 3rd period - Snap shot by Filip Chytil.
9:34 of 3rd period - Stopped by Kevin Lankinen with a rebound.
9:53 of 3rd period - Wrist shot by Brendan Gallagher.
9:53 of 3rd period - Shot Blocked by Nathan MacKinnon.
9:55 of 3rd period - Snap shot by Josh Anderson.
9:55 of 3rd period - Stopped by Kevin Lankinen without a rebound.
9:56 of 3rd period - Elias Lindholm wins face-off versus Nathan MacKinnon in New York Rangers zone.
10:03 of 3rd period - Snap shot by Brendan Gallagher.
10:03 of 3rd period - Stopped by Kevin Lankinen with a rebound.
10:05 of 3rd period - Wrist shot by Josh Anderson.
10:05 of 3rd period - Shot Blocked by Adam Larsson.
10:07 of 3rd period - Snap shot by Cam York.
10:07 of 3rd period - Shot Misses the Net.
10:09 of 3rd period - Slapshot by Josh Anderson.
10:09 of 3rd period - Shot Blocked by Adam Larsson.
10:11 of 3rd period - Slapshot by Josh Anderson.
10:11 of 3rd period - Stopped by Kevin Lankinen without a rebound.
10:12 of 3rd period - Evgeni Malkin wins face-off versus Jonatan Berggren in New York Rangers zone.
10:19 of 3rd period - Slapshot by Jake Walman.
10:19 of 3rd period - Shot Misses the Net.
10:21 of 3rd period - Wrist shot by Timo Meier.
10:21 of 3rd period - Stopped by Alex Lyon with a rebound.
10:23 of 3rd period - Slapshot by Jake Walman.
10:23 of 3rd period - Shot Blocked by Luke Kunin.
10:25 of 3rd period - Snap shot by Kyle Palmieri.
10:25 of 3rd period - Stopped by Alex Lyon with a rebound.
10:27 of 3rd period - Slapshot by Kyle Palmieri.
10:27 of 3rd period - Shot Blocked by Jakob Chychrun.
10:29 of 3rd period - Wrist shot by Timo Meier.
10:29 of 3rd period - Deflect By Evgeni Malkin.
10:29 of 3rd period - Shot Misses the Net.
10:29 of 3rd period - Puck is out of play.
10:30 of 3rd period - Elias Lindholm wins face-off versus Nathan MacKinnon in Dallas Stars zone.
11:02 of 3rd period - Snap shot by Jordan Martinook.
11:02 of 3rd period - Shot Blocked by Victor Hedman.
11:04 of 3rd period - Slapshot by Dougie Hamilton.
11:04 of 3rd period - Shot Blocked by Evgeni Malkin.
11:06 of 3rd period - Slapshot by Dougie Hamilton.
11:06 of 3rd period - Deflect By Evgeni Malkin.
11:06 of 3rd period - Stopped by Kevin Lankinen with a rebound.
11:38 of 3rd period - Jakob Chychrun is hit by Jake Walman.
11:42 of 3rd period - Backhand shot by Joel Kiviranta.
11:42 of 3rd period - Stopped by Kevin Lankinen without a rebound.
11:43 of 3rd period - Elias Lindholm wins face-off versus Noel Acciari in New York Rangers zone.
11:50 of 3rd period - Noel Acciari is hit by Arber Xhekaj and loses puck.
12:11 of 3rd period - Snap shot by Marcus Foligno.
12:11 of 3rd period - Shot Misses the Net.
12:52 of 3rd period - Snap shot by Elias Lindholm.
12:52 of 3rd period - Stopped by Kevin Lankinen without a rebound.
12:53 of 3rd period - Evgeni Malkin wins face-off versus Elias Lindholm in New York Rangers zone.
13:00 of 3rd period - Wrist shot by Kyle Palmieri.
13:00 of 3rd period - Goal by Kyle Palmieri - Dallas Stars : 2 - New York Rangers : 3.
13:01 of 3rd period - Elias Lindholm wins face-off versus Nathan MacKinnon in neutral zone.
13:08 of 3rd period - Slapshot by Jake Walman.
13:08 of 3rd period - Stopped by Alex Lyon with a rebound.
13:10 of 3rd period - Snap shot by Artemi Panarin.
13:10 of 3rd period - Stopped by Alex Lyon with a rebound.
13:12 of 3rd period - Slapshot by Jake Walman.
13:12 of 3rd period - Deflect By Artemi Panarin.
13:12 of 3rd period - Shot Misses the Net.
13:12 of 3rd period - Puck is out of play.
13:13 of 3rd period - Elias Lindholm wins face-off versus Nathan MacKinnon in Dallas Stars zone.
13:26 of 3rd period - Wrist shot by Artemi Panarin.
13:26 of 3rd period - Shot Blocked by Trevor van Riemsdyk.
13:28 of 3rd period - Snap shot by Nathan MacKinnon.
13:28 of 3rd period - Shot Misses the Net.
13:30 of 3rd period - Snap shot by Victor Hedman.
13:30 of 3rd period - Stopped by Alex Lyon without a rebound.
13:31 of 3rd period - Jonatan Berggren wins face-off versus Evgeni Malkin in Dallas Stars zone.
13:35 of 3rd period - Off-side.
13:36 of 3rd period - Jonatan Berggren wins face-off versus Evgeni Malkin in neutral zone.
13:47 of 3rd period - Snap shot by Jonatan Berggren.
13:47 of 3rd period - Shot Misses the Net.
13:49 of 3rd period - Slapshot by Jonas Siegenthaler.
13:49 of 3rd period - Shot Blocked by Adam Larsson.
13:51 of 3rd period - Snap shot by Luke Kunin.
13:51 of 3rd period - Stopped by Kevin Lankinen without a rebound.
13:52 of 3rd period - Josh Anderson wins face-off versus Nathan MacKinnon in New York Rangers zone.
14:01 of 3rd period - Slapshot by Brendan Gallagher.
14:01 of 3rd period - Shot Blocked by Cole Caufield.
14:28 of 3rd period - Snap shot by Timo Meier.
14:28 of 3rd period - Shot Blocked by Dougie Hamilton.
14:46 of 3rd period - Jonas Siegenthaler is hit by Mikael Granlund and loses puck.
15:13 of 3rd period - Wrist shot by Marcus Foligno.
15:13 of 3rd period - Shot Misses the Net.
16:23 of 3rd period - Slapshot by Mikael Granlund.
16:23 of 3rd period - Stopped by Alex Lyon with a rebound.
16:57 of 3rd period - Wrist shot by Artemi Panarin.
16:57 of 3rd period - Shot Misses the Net.
16:59 of 3rd period - Slapshot by Adam Larsson.
16:59 of 3rd period - Deflect By Cole Caufield.
16:59 of 3rd period - Stopped by Alex Lyon without a rebound.
17:00 of 3rd period - Nathan MacKinnon wins face-off versus Elias Lindholm in Dallas Stars zone.
17:25 of 3rd period - Luke Kunin is hit by Artemi Panarin.
17:38 of 3rd period - Minor Penalty to Dmitry Kulikov for Interference.
17:39 of 3rd period - Mikael Granlund wins face-off versus Alex Iafallo in New York Rangers zone.
17:39 of 3rd period - Mikael Granlund is hit by Jonas Siegenthaler.
17:53 of 3rd period - Backhand shot by Noel Acciari.
17:53 of 3rd period - Stopped by Alex Lyon with a rebound.
19:38 of 3rd period - Penalty to Dmitry Kulikov is over, Dmitry Kulikov is back on ice.
19:43 of 3rd period - Adam Larsson is hit by Trevor van Riemsdyk and loses puck.
Goals for this period are 1 for Dallas Stars vs 1 for New York Rangers.
Shots for this period are 10 for Dallas Stars vs 11 for New York Rangers.